 Dungeon Crawl Stone Soup version 0.18-a0-1773-gec4f98e (webtiles) character file.

22075 M4edhros the Blocker (level 12, -3/76 HPs)
             Began as an Octopode Necromancer on Apr 14, 2016.
             Was the Champion of Cheibriados.
             Slain by Rupert
             ... wielding a +1 great sword of slicing
              (5 damage)
             ... while paralysed by Rupert
             ... on level 3 of the Lair of Beasts.
             The game lasted 02:12:58 (8710 turns).

M4edhros the Blocker (Octopode Necromancer)         Turns: 8710, Time: 02:12:58

Health: -3/76      AC:  4    Str: 22    XL:     12   Next: 96%
Magic:  0/15       EV:  2    Int: 31    God:    Cheibriados [******]
Gold:   537        SH:  0    Dex: 30    Spells: 3 memorised, 5 levels left

rFire  + . .     SeeInvis .       - Unarmed
rCold  + . .     Gourm    .     e - +2 large shield {reflect}
rNeg   . . .     Faith    .     (helmet restricted)
rPois  +         Spirit   +     q - amulet of guardian spirit
rElec  .         Dismiss  .     E - +2 ring of evasion
rCorr  .         Reflect  +     M - ring of protection from cold
SustAt .         Harm     .     (no ring)
MR     .....                    (no ring)
Stlth  +++.......               (no ring)
                                (no ring)
                                (no ring)
                                (no ring)

@: confused, paralysed, very slow, not resistant to hostile enchantments, fairly
stealthy
A: almost no armour, amphibious, 8 rings, constrict 8, antennae 1, tentacle
spike 1, slimy green scales 1, camouflage 1, blink, blurry vision 1, clumsy 1,
dopey 1, fire resistance 1, sense surroundings 1, poison resistance, shaggy fur
1, wild magic 2, gelatinous body 1
a: Blink, Bend Time, Temporal Distortion, Slouch, Step From Time, Renounce
Religion


You were on level 3 of the Lair of Beasts.
You worshipped Cheibriados.
Cheibriados was exalted by your worship.
You were not hungry.

You visited 4 branches of the dungeon, and saw 18 of its levels.
You also visited: Sewer.

You collected 712 gold pieces.
You spent 175 gold pieces at shops.

Inventory:

Hand Weapons
 a - a +0 blowgun
 k - a +0 spear
 o - a +0 halberd
 r - a +2 vampiric long sword
 w - a +0 hunting sling
 A - a +2 dagger of venom
 F - a +2 halberd of venom
 Y - the +6 short sword "Huucy" {drain, rElec}
   (You found it on level 4 of the Lair of Beasts)

   A truly terrible weapon, it drains the life of those it strikes.
   It insulates you from electricity.
Missiles
 d - 273 stones (quivered)
 j - 30 poisoned needles
 I - 49 sling bullets
Armour
 e - a +2 large shield of reflection (worn)
 H - a +0 buckler
Jewellery
 q - an amulet of guardian spirit (around mantle)
 E - a +2 ring of evasion (left tentacle)
 G - an uncursed amulet of the gourmand
 M - a ring of protection from cold (right tentacle)
 W - an uncursed amulet of faith {unknown}
 X - an uncursed ring of ice
Wands
 i - a wand of digging (13/24)
 m - a wand of disintegration (21/24)
 t - a wand of iceblast (6/15)
 x - a wand of flame (28/48)
 J - a wand of iceblast (4/15)
 R - a wand of enslavement (2/24)
 S - a wand of disintegration (15/24)
 T - a wand of flame (25/48)
Scrolls
 c - 2 scrolls of teleportation
 f - a scroll of noise {unknown}
 h - 9 scrolls of remove curse
 n - a scroll of vulnerability {unknown}
 s - 2 scrolls of fog {unknown}
 u - 2 scrolls of amnesia {unknown}
 y - 2 scrolls of magic mapping {unknown}
 B - a scroll of immolation
 C - 2 scrolls of enchant weapon
 L - a scroll of torment {unknown}
 N - a scroll of recharging
 P - a scroll of holy word
 U - 2 scrolls of random uselessness
Potions
 p - 2 potions of flight
 K - a potion of lignification
 Q - a potion of ambrosia
 V - a potion of magic
Books
 g - a book of Necromancy

   Spells                             Type                      Level
   a - Pain                           Necromancy                   1
   b - Animate Skeleton               Necromancy                   1
   c - Vampiric Draining              Necromancy                   3
   d - Regeneration                   Charms/Necromancy            3
   e - Animate Dead                   Necromancy                   4
   f - Control Undead                 Necromancy                   4
 D - a book of the Earth

   Spells                             Type                      Level
   a - Leda's Liquefaction            Hexes/Earth                  4
   b - Bolt of Magma                  Conjuration/Fire/Earth       5
   c - Statue Form                    Transmutation/Earth          6
   d - Iron Shot                      Conjuration/Earth            6
   e - Shatter                        Earth                        9
Comestibles
 b - 10 bread rations
 l - 8 fruits
 v - a beef jerky
 z - 4 meat rations


   Skills:
 + Level 4.8 Fighting
 - Level 2.0 Dodging
 - Level 2.6 Stealth
 * Level 13.4 Shields
 - Level 8.5 Unarmed Combat
 - Level 2.0 Spellcasting
 - Level 4.0 Necromancy
 + Level 8.3 Transmutations
 + Level 8.4 Earth Magic
 + Level 5.3 Invocations


You had 5 spell levels left.
You knew the following spells:

 Your Spells              Type           Power        Failure   Level  Hunger
a - Pain                  Necr           ####         17%         1    None
b - Regeneration          Chrm/Necr      ###.......   58%         3    ###....
c - Statue Form           Trmt/Erth      ######...    99%         6    #######


Dungeon Overview and Level Annotations

Branches:
Dungeon (12/15)            Temple (1/1) D:4            Lair (4/8) D:10
    Orc (1/2) D:9
  Swamp: Lair:3-6    Shoals: Lair:3-6     Snake: Lair:3-6    Spider: Lair:3-6

Altars:
Ashenzari
Cheibriados
Dithmenos
Elyvilon
Fedhas
Gozag
Kikubaaqudgha
Makhleb
Nemelex Xobeh
Qazlal
Ru
Sif Muna
Trog
Vehumet
Xom

Shops:
D:8 ?   D:9 [([

Annotations:
D:8 Grum
Lair:1 Hydra ;/, exclusion: downstairs
Lair:3 Rupert
Lair:4 Urug


Innate Abilities, Weirdness & Mutations

You cannot wear most types of armour.
You are amphibious.
You can wear up to eight rings at the same time.
You can use your tentacles to constrict eight enemies at once.
Your skin changes colour to match your surroundings (Stealth).
Your rubbery body absorbs attacks (AC +1).
You have a pair of small antennae on your head.
One of your tentacles bears a spike.
You are partially covered in slimy green scales (AC +2).
You can translocate small distances at will.
Scrolls take you a little longer to read.
You are clumsy. (Dex -2)
You are dopey. (Int -2)
Your flesh is heat resistant.
You passively map a small area around you.
Your system is resistant to poisons.
You are covered in fur (AC +1).
Your spells are harder to cast, but more powerful.


Message History

You pierce Rupert, but do no damage.
You squeeze Rupert, but do no damage.
Rupert is severely wounded.
You constrict Rupert. You barely miss Rupert.
You pierce Rupert, but do no damage.
Rupert is severely wounded.
You constrict Rupert!
Rupert hits you with a great sword of slicing!
You completely miss Rupert.
You pierce Rupert, but do no damage.
You squeeze Rupert.
Rupert is almost dead.
You constrict Rupert. Rupert roars wildly at you.
You suddenly lose the ability to move!
You lose your grip on Rupert.
Rupert roars wildly at you.
You are confused.
Rupert roars madly and goes into a rage!
Rupert goes berserk!
Rupert hits you with a great sword of slicing!!!
* * * LOW HITPOINT WARNING * * *
You die...

..............#### ....
, ,
###..##.....###..##.....
. #...#.....#..>........
# #P.###....#..........
##...##....##.......## ,
,#...#......##........#
##....+....##........##
,
#......##.###.........#
#P..+..#.♣.####@.#P...
####..#....)#.@###....,
##.#♣.>.♣..(... ... *
..#.....#.... , .. ,,
,...#....##..,., , .
,....##.'###.. , ,
#..P####....÷##. ,
#..#*##...♣...## * .. ,
#.+ ##.........## #... *


You could see Rupert (berserk).

Vanquished Creatures
  Erica (D:9)
  A hydra (Lair:2)
  A queen ant (Lair:1)
  Nergalle (Orc:1)
  A hill giant (D:11)
  A deep elf mage (D:12)
  A centaur zombie (D:11)
  Maurice (D:10)
  Joseph (D:10)
  2 black mambas (Lair:2)
  5 spiny frogs
  A gargoyle (D:10)
  A rime drake (Lair:2)
  A komodo dragon (Lair:1)
  A troll (D:11)
  8 blink frogs (Lair:2)
  A wyvern (Lair:2)
  18 yaks
  A basilisk (Lair:2)
  4 hippogriffs
  A hungry ghost (D:10)
  20 soldier ants (Lair:1)
  5 water moccasins
  Duvessa (D:7)
  4 orc warriors
  3 porcupines (Lair:2)
  A black bear (D:6)
  3 ice beasts
  A wasp (D:10)
  A necrophage (D:8)
  5 sky beasts
  2 eyes of draining
  7 ogres
  2 phantoms
  3 wolves (Lair:3)
  5 crocodiles
  4 big kobolds
  10 giant frogs
  A wyvern zombie (D:10)
  Dowan (D:7)
  A wyvern skeleton (D:9)
  A scorpion (D:10)
  2 howler monkeys
  5 crimson imps
  6 hounds
  13 orc wizards
  A centaur skeleton (D:10)
  A jelly (D:6)
  4 orc priests
  A gnoll shaman (D:9)
  A giant frog skeleton (D:7)
  9 iguanas
  21 worker ants
  5 sheep (Lair:2)
  2 hound zombies
  8 gnolls
  7 adders
  21 river rats
  3 shadow imps
  2 adder zombies
  3 adder skeletons
  2 worms (D:3)
  A dart slug (D:1)
  9 giant geckos
  29 orcs
  3 ball pythons
  6 bats
  7 giant cockroaches
  2 goblins (D:3)
  2 hobgoblins
  7 jackals
  3 quokkas
  A giant gecko skeleton (D:5)
  3 giant newts
  25 kobolds
  5 rats
354 creatures vanquished.

Vanquished Creatures (collateral kills)
  An ogre (Orc:1)
1 creature vanquished.

Vanquished Creatures (others)
  A cyclops (D:11)
  5 fungi
  2 plants
8 creatures vanquished.

Grand Total: 363 creatures vanquished

Notes
Turn   | Place    | Note
--------------------------------------------------------------
     0 | D:1      | M4edhros the Octopode Necromancer began the quest for the Orb.
     0 | D:1      | Reached XP level 1. HP: 11/11 MP: 3/3
   119 | D:2      | Reached skill level 1 in Unarmed Combat
   180 | D:2      | Reached XP level 2. HP: 6/17 MP: 1/5
   619 | D:3      | Reached XP level 3. HP: 5/21 MP: 0/6
   624 | D:3      | Learned a level 3 spell: Regeneration
   690 | D:4      | Reached XP level 4. HP: 19/27 MP: 1/7
   722 | D:4      | Noticed an ogre
   730 | D:4      | Killed an ogre
   730 | D:4      | Reached skill level 5 in Unarmed Combat
   730 | D:4      | Reached XP level 5. HP: 8/31 MP: 2/8
   809 | D:4      | Reached XP level 6. HP: 28/36 MP: 3/9
   831 | D:4      | Found a white marble altar of Elyvilon.
   859 | D:4      | Found a staircase to the Ecumenical Temple.
   868 | Temple   | Entered the Ecumenical Temple
   954 | Temple   | Became a worshipper of Cheibriados the Contemplative
  1278 | D:4      | Found a glowing drain.
  1291 | Sewer    | Entered a sewer
  1403 | Sewer    | Found a white marble altar of Elyvilon.
  1491 | D:3      | Reached * piety under Cheibriados
  1528 | D:3      | Found a faded altar to an unknown god.
  1768 | D:5      | Entered Level 5 of the Dungeon
  1772 | D:5      | Reached XP level 7. HP: 38/41 MP: 8/10
  1956 | D:5      | Found a blossoming altar of Fedhas.
  1998 | D:5      | Reached ** piety under Cheibriados
  2273 | D:6      | Reached skill level 1 in Shields
  2273 | D:6      | Reached XP level 8. HP: 34/46 MP: 11/11
  2360 | D:6      | Reached skill level 2 in Shields
  2512 | D:7      | Reached skill level 3 in Shields
  2606 | D:7      | Noticed Dowan
  2610 | D:7      | Noticed Duvessa
  2613 | D:7      | Found a radiant altar of Vehumet.
  2622 | D:7      | Killed Duvessa
  2622 | D:7      | Reached skill level 4 in Shields
  2622 | D:7      | Killed Dowan
  2700 | D:7      | Reached skill level 5 in Shields
  2734 | D:8      | Reached *** piety under Cheibriados
  2741 | D:8      | Reached skill level 6 in Shields
  2763 | D:8      | Noticed Erica
  3114 | D:6      | Learned a level 6 spell: Statue Form
  3151 | D:6      | Reached skill level 7 in Shields
  3151 | D:6      | Reached XP level 9. HP: 40/50 MP: 9/12
  3154 | D:6      | Reached skill level 1 in Transmutations
  3320 | D:8      | Reached skill level 1 in Earth Magic
  3339 | D:8      | HP: 2/51 [phantom (9)]
  3439 | D:8      | Found a sacrificial altar of Ru.
  3462 | D:8      | Found Qestrebb's Magic Scroll Shop.
  3465 | D:8      | Bought a scroll of teleportation for 39 gold pieces
  3465 | D:8      | Bought a scroll of teleportation for 39 gold pieces
  3465 | D:8      | Bought a scroll of blinking for 97 gold pieces
  3704 | D:8      | Noticed a two-headed ogre
  3757 | D:8      | Noticed Grum
  3910 | D:9      | HP: 2/51 [ogre/giant spiked club (27)]
  4074 | D:9      | Reached skill level 8 in Shields
  4110 | D:9      | Gained mutation: You are partially covered in slimy green scales (AC +2). [potion of mutation]
  4110 | D:9      | Gained mutation: Scrolls take you a little longer to read. [potion of mutation]
  4110 | D:9      | Gained mutation: You can translocate small distances at will. [potion of mutation]
  4132 | D:9      | Reached **** piety under Cheibriados
  4149 | D:9      | Found Elaraewn's Weapon Boutique.
  4151 | D:9      | Found a staircase to the Orcish Mines.
  4154 | D:9      | Found Side Xops's Armour Boutique.
  4283 | D:9      | Killed Erica
  4283 | D:9      | Reached skill level 9 in Shields
  4283 | D:9      | Reached XP level 10. HP: 30/56 MP: 6/13
  4657 | D:9      | Identified a scroll of acquirement
  4706 | D:9      | Found Naesiur's Antique Armour Shoppe.
  4883 | D:10     | Entered Level 10 of the Dungeon
  5160 | D:10     | Noticed a gargoyle
  5170 | D:10     | Noticed Joseph
  5178 | D:10     | Killed Joseph
  5178 | D:10     | Reached skill level 10 in Shields
  5178 | D:10     | Reached skill level 5 in Earth Magic
  5200 | D:10     | Noticed Maurice
  5211 | D:10     | Killed Maurice
  5211 | D:10     | Reached skill level 5 in Transmutations
  5265 | D:10     | Killed a gargoyle
  5317 | D:10     | Gained mutation: You are clumsy. (Dex -2) [mutagenic meat]
  5318 | D:10     | Gained mutation: Your spells are a little harder to cast, but a little more powerful. [mutagenic meat]
  5319 | D:10     | Gained mutation: You are covered in fur (AC +1). [mutagenic meat]
  5320 | D:10     | Gained mutation: You passively map a small area around you. [mutagenic meat]
  5321 | D:10     | Gained mutation: Your system is resistant to poisons. [mutagenic meat]
  5394 | D:11     | Noticed a cyclops
  5499 | D:11     | Reached ***** piety under Cheibriados
  5538 | D:11     | Noticed a hill giant
  5554 | D:11     | Killed a hill giant
  5554 | D:11     | Reached XP level 11. HP: 29/61 MP: 7/14
  5607 | D:11     | Reached skill level 11 in Shields
  5838 | D:12     | Noticed a cyclops
  5867 | D:12     | Noticed a deep elf mage
  5877 | D:12     | Killed a deep elf mage
  6009 | D:11     | Killed a cyclops
  6135 | D:10     | Noticed a hill giant
  6229 | D:10     | Gained mutation: Your spells are harder to cast, but more powerful. [mutagenic meat]
  6276 | D:10     | Reached skill level 1 in Fighting
  6336 | D:9      | Gained mutation: You are dopey. (Int -2) [mutagenic meat]
  6338 | D:9      | Gained mutation: You have a pair of small antennae on your head. [mutagenic meat]
  6339 | D:9      | Gained mutation: One of your tentacles bears a spike. [mutagenic meat]
  6340 | D:9      | Gained mutation: Your flesh is heat resistant. [mutagenic meat]
  6350 | D:9      | Reached skill level 1 in Invocations
  6486 | Orc:1    | Entered Level 1 of the Orcish Mines
  6486 | Orc:1    | Noticed Nergalle
  6486 | Orc:1    | Noticed an orc knight
  6493 | Orc:1    | Killed Nergalle
  6699 | D:10     | Reached skill level 12 in Shields
  6793 | D:10     | Found a staircase to the Lair.
  6801 | Lair:1   | Entered Level 1 of the Lair of Beasts
  6804 | Lair:1   | found lair finally
  6952 | Lair:1   | Noticed a queen ant
  7015 | Lair:1   | Reached XP level 12. HP: 57/72 MP: 13/15
  7095 | Lair:1   | Killed a queen ant
  7120 | Lair:1   | Reached ****** piety under Cheibriados
  7407 | Lair:2   | Noticed a seven-headed hydra
  7629 | Lair:2   | Killed a seven-headed hydra
  7629 | Lair:2   | Reached skill level 13 in Shields
  7826 | Lair:2   | Reached skill level 5 in Invocations
  7909 | Lair:3   | Noticed Rupert
  8540 | Lair:4   | Got a crystal short sword
  8541 | Lair:4   | Identified the +6 short sword "Huucy" {drain, rElec} (You found it on level 4 of the Lair of Beasts)
  8598 | Lair:4   | Noticed Urug
  8707 | Lair:3   | Paralysed by Rupert for 4 turns
  8710 | Lair:3   | HP: 2/76 [Rupert/great sword of slicing (36)]
  8710 | Lair:3   | Slain by Rupert

Vault maps used:
D:1:      matt_arrival_los_fun
D:2:      minmay_misc_feat_pillars
D:3:      tso_altar, gammafunk_pakellas_spire_experiment, ecumenical_altar_1,
          first_bread
D:4:      kennysheep_ying_yang, okawaru_ov_weapons_minmay,
          minmay_temple_entry_trees, portal_sewer_entry_f, uniq_pikel,
          uniq_blork_the_orc
D:5:      nicolae_overflow_crystal_walls
D:6:      grunt_decor_one_mirror
D:7:      vehumet_altar_wand_db, uniq_duvessa
D:8:      kennysheep_mini_moat, serial_shops, shop, uniq_grum, uniq_erica
D:9:      orc_david_3, serial_shops, shop
D:10:     lair_0_dummy, uniq_maurice, uniq_joseph
D:12:     hangedman_decor_slide_cut, the_bakery, hangedman_corner_corridor
Temple:   oiseaux_autumnal_temple_12
Lair:1:   minivault_29, grunt_megastairs_5
Lair:2:   guppyfry_lair_drakes
Lair:3:   minivault_24, grunt_megastairs_3, infiniplex_staircase_pool_2,
          uniq_gastronok, uniq_sonja, uniq_rupert
Lair:4:   spider_nest_entry_a, uniq_urug
Orc:1:    uniq_fannar, uniq_nergalle, uniq_harold
Sewer:    sewer_kobolds

Skill      XL: |  1  2  3  4  5  6  7  8  9 10 11 12 |
---------------+-------------------------------------+-----
Unarmed Combat | 1 2 3 5 6 8 |  8.5
Shields        | 1 7 9 10 12 13 | 13.4
Transmutations | 4 5 7 8 |  8.3
Earth Magic    | 3 6 7 8 |  8.4
Fighting       | 2 4 |  4.8
Invocations    | 3 5 |  5.3
Dodging        | |  2.0
Stealth        | |  2.6
Spellcasting   | |  2.0
Necromancy     | |  4.0

Action                   |  1- 3 |  4- 6 |  7- 9 | 10-12 || total
-------------------------+-------+-------+-------+-------++-------
Melee: Unarmed           |    14 |    74 |   211 |   645 ||   944
       Constrict         |     6 |    16 |    47 |   119 ||   188
       Tentacles         |     4 |    15 |    59 |   263 ||   341
       Punch             |       |     1 |    22 |    75 ||    98
       Halberd           |       |     1 |       |       ||     1
       Kick              |       |       |       |   271 ||   271
       Blowgun           |       |       |       |     1 ||     1
 Fire: Blowgun           |       |       |    35 |    45 ||    80
       Hunting sling     |       |       |    29 |    64 ||    93
 Cast: Pain              |    31 |    35 |    20 |       ||    86
       Regeneration      |     1 |    11 |    26 |    37 ||    75
Invok: Bend Time         |       |       |     2 |    11 ||    13
       Temporal Distorti |       |       |     1 |     1 ||     2
       Slouch            |       |       |       |     3 ||     3
 Abil: Blink             |       |       |       |     2 ||     2
Evoke: Wand              |       |       |       |     5 ||     5
  Use: Potion            |     5 |       |    11 |     2 ||    18
       Scroll            |       |     1 |    10 |    16 ||    27
 Stab: Sleeping          |     1 |     4 |     5 |    22 ||    32
       Distracted        |       |       |       |     5 ||     5
  Eat: Chunk             |       |     6 |     9 |    26 ||    41
       Royal jelly       |       |       |       |     1 ||     1
Armor: Skin              |     2 |     4 |     7 |    26 ||    39
Dodge: Dodged            |     9 |    36 |    51 |   135 ||   231
Block: Large shield      |       |       |   144 |   544 ||   688
       Reflection        |       |       |     3 |    18 ||    21
